 Dungeon Crawl Stone Soup version 0.27.1-1-g398f81649c (webtiles) character file.

Game seed: 3757959680763911821

39 Descartes the Sneak (level 3, -8/15 HPs)
             Began as a Felid Transmuter on Sept 6, 2021.
             Killed by divine providence
             ... invoked by an orc priest
              (11 damage)
             ... on level 3 of the Dungeon.
             The game lasted 00:02:54 (2153 turns).

Descartes the Sneak (Felid Transmuter)              Turns: 2153, Time: 00:02:55

Health: -8/15      AC:  1    Str:  7    XL:     3   Next: 26%
Magic:  5/7        EV: 17    Int: 14    God:
Gold:   80         SH:  0    Dex: 16    Spells: 5/6 levels left
                                        Lives:  0   Deaths: 0

rFire    + . .     SeeInvis +     - Unarmed
rCold    . . .     Faith    .   (shield unavailable)
rNeg     . . .     Spirit   .   (armour unavailable)
rPois    +         Reflect  .   (helmet unavailable)
rElec    .         Harm     .   (cloak unavailable)
rCorr    .         Rampage  .   (gloves unavailable)
Will     .....                  (boots unavailable)
Stlth    +++.......             (no amulet)
HPRegen  0.05/turn              c - ring of poison resistance
MPRegen  0.10/turn              i - ring of protection from fire

@: appendages, quick
A: horns 2, very small, claws 1, fangs 3, see invisible, speed 1, shaggy fur 1,
stealthy paws, no weapons or thrown items, no armour, multi-lived
a: End Transformation


You were on level 3 of the Dungeon.
You had temporarily grown beastly horns.
You visited 1 branch of the dungeon, and saw 3 of its levels.

You collected 80 gold pieces.

Inventory:

Jewellery
 c - a ring of poison resistance (left paw)
 i - a ring of protection from fire (right paw)
Scrolls
 a - 2 scrolls of identify {unknown}
 f - a scroll of enchant weapon {unknown}
 h - 3 scrolls of teleportation {unknown}
 j - a scroll of torment {unknown}
Potions
 b - a potion of berserk rage {unknown}
 d - a potion of mutation {unknown}
 e - a potion of ambrosia {unknown}
 g - a potion of haste {unknown}
 k - 2 potions of degeneration {unknown}


   Skills:
 - Level 1.0 Fighting
 - Level 2.6 Dodging
 * Level 3.9 Stealth
 + Level 3.3 Unarmed Combat
 - Level 2.0 Spellcasting
 - Level 2.1 Transmutations


You had 5 spell levels left.
You knew the following spells:

 Your Spells              Type           Power      Damage    Failure   Level
a - Beastly Appendage     Tmut           14%        N/A       10%         1

Your spell library contained the following spells:

 Spells                   Type           Power      Damage    Failure   Level
 Wereblood                Tmut           7%         N/A       14%         2
 Spider Form              Tmut/Pois      2%         N/A       41%         3
 Ice Form                 Ice/Tmut       4%         N/A       83%         4


Dungeon Overview and Level Annotations

Branches:
Dungeon (3/15)

Altars:
Qazlal


Innate Abilities, Weirdness & Mutations

You have temporarily grown beastly horns.
You have sharp claws.
You have razor-sharp teeth.
You have supernaturally acute eyesight. (SInv)
You cover ground quickly. (Speed+)
You are covered in fur. (AC +1)
Your paws help you pounce on unaware monsters.
You are incapable of wielding weapons or throwing items.
You cannot wear armour.
You gain extra lives every three experience levels.


Message History

Your horns disappear.
Found 23 bolts.
You see here 23 bolts.
Found a scroll labelled PACHEK WOACVAR.
Found a leather armour.
Found a stone staircase leading down.
j - a scroll labelled PACHEK WOACVAR
Found a leather armour.
Found 2 bubbling blue potions.
k - 2 bubbling blue potions
Found a stone staircase leading up.
Found a stormy altar of Qazlal.
Found 8 atropa-tipped darts.
A kobold comes into view. It is wielding a +0 dagger.
Casting: Beastly Appendage (safe; 10% risk of failure)
Confirm with . or Enter, or press ? or * to list all spells.
You grow a pair of large bovine horns.
You scratch the kobold.
You kill the kobold!
No target in view!
An orc comes into view. It is wielding a +0 dagger.
Casting: Beastly Appendage (safe; 10% risk of failure)
Confirm with . or Enter, or press ? or * to list all spells.
You extend your transformation's duration.
The orc shouts!
You hear a shout!
An orc, an orc priest and an orc wizard come into view.
An orc comes into view. It is wielding a +0 club.
The orc priest invokes the aid of Beogh against you.
Beogh smites you!
Ouch! That really hurt!
* * * LOW HITPOINT WARNING * * *
The orc wizard shouts!
The orc shouts!
The orc priest looks braver for a moment.
There is a stone staircase leading up here.
The orc wizard mumbles some strange words.
The orc wizard flickers and vanishes for a moment.
The orc priest calls down the wrath of Beogh upon you.
Beogh smites you!
Ouch! That really hurt!
You die...

##..................# #
##.................# #
##........[.......# #
#.............oo.##. #
#...............o.... ###
#.......#........# .. ..#
##...##.........o.#... #.##
#....###...o..###.....
...###..........@..........
...<.....#.......#..).##.##
...##....####.....###.#
.........# #.......#...
.........# #..≈≈≈........
.......### #.≈≈≈≈≈.#.#.(..
.......# #.≈≈_≈≈........
.......# #.≈≈.≈≈........
.......# ..≈≈.≈≈......


You could see an orc priest, an orc wizard (invisible) and 3 orcs.

Vanquished Creatures
  An adder (D:2)
  A dart slug (D:2)
  2 endoplasms
  A giant cockroach (D:1)
  5 goblins
  A hobgoblin (D:2)
  3 jackals (D:1)
  A quokka (D:1)
  4 ball pythons
  2 bats
  2 frilled lizards
  2 kobolds (D:3)
  A rat (D:1)
26 creatures vanquished.

Vanquished Creatures (others)
  10 plants (D:3)
10 creatures vanquished.

Grand Total: 36 creatures vanquished

Notes
Turn   | Place    | Note
-------+----------+-------------------------------------------
     0 | D:1      | Descartes the Felid Transmuter began the quest for the Orb.
     0 | D:1      | Reached XP level 1. HP: 9/9 MP: 4/4
   139 | D:1      | Reached skill level 1 in Stealth
   578 | D:1      | Reached XP level 2. HP: 12/12 MP: 4/6
  1760 | D:2      | Reached XP level 3. HP: 13/15 MP: 5/7
  2136 | D:3      | Found a stormy altar of Qazlal.
  2153 | D:3      | Killed from afar by an orc priest

Illustrated notes

Levels and vault maps discovered:
D:1:      nicolae_arrival_memento_mori, layout_basic
D:2:      layout_loops_ring
D:3:      layout_rooms, mainiacjoe_overflow_catwalk,
          dilly_ecumenical_altar_fadedgnrine

Skill      XL: |  1  2 |
---------------+-------+-----
Stealth        | 2 3 |  3.9
Fighting       | |  1.0
Dodging        | |  2.6
Unarmed Combat | |  3.3
Spellcasting   | |  2.0
Transmutations | |  2.1

Action                   || total
-------------------------++-------
Melee: Unarmed           ||    62
       Bite              ||     3
       Headbutt          ||     5
       Punch             ||     2
 Cast: Beastly Appendage ||    21
 Stab: Sleeping          ||     5
Armor: Skin              ||     2
Dodge: Dodged            ||    42
